PINL
CALDWELL CLAWS @ MINOT JETS
06/29/1982
 
TOP OF THE 1ST
Caldwell Claws batting - Pitching for Minot Jets : RHP Ozzie Canseco
Pitching: RHP Ozzie Canseco
Batting: RHB Kim Christensen 0-0: Swinging Strike
0-1: Foul Ball, location: 2F
0-2: Ball
1-2: Ball
2-2: Strikes out swinging
Batting: RHB David Morales 0-0: Called Strike
0-1: Foul Ball, location: 2F
0-2: Foul Ball, location: 2F
0-2: Ground out 4-3 (Groundball, 4, EV 107.5 MPH)
Batting: LHB Miguel Negron 0-0: Ball
1-0: Ball
2-0: Fly out, F2 (Popup, 23F, EV 83.1 MPH)
Top of the 1st over - 0 runs, 0 hits, 0 errors, 0 left on base; Caldwell 0 - Minot 0
BOTTOM OF THE 1ST
Minot Jets batting - Pitching for Caldwell Claws : RHP Gregory Crabb
Pitching: RHP Gregory Crabb
Batting: LHB Theodore Milner 0-0: Called Strike
0-1: Ball
1-1: Ball
2-1: Ball
3-1: Ground out U3 (Groundball, 34S, EV 89.4 MPH)
Batting: SHB William Eiland 0-0: SINGLE (Flyball, 5D, EV 94.4 MPH)
Batting: LHB Douglas Reibel 0-0: Called Strike
0-1: Ball
1-1: Ball
2-1: Fly out, F8 (Flyball, 8LS, EV 95.6 MPH)
Batting: RHB Troy Afenir 0-0: Ball
1-0: Ball
William Eiland steals 2nd base
2-0: Foul Ball, location: 2F
2-1: Foul Ball, location: 2F
2-2: Foul Ball, location: 2F
2-2: Ball
3-2: SINGLE (Line Drive, 7S, EV 99.4 MPH)
William Eiland to third
William Eiland scores
Batting: RHB George Vogel 0-0: Ball
1-0: Ball
2-0: Ball
3-0: Base on Balls
Troy Afenir to second
Batting: RHB Roberto Balaguer 0-0: Ball
1-0: Ball
2-0: Ball
3-0: Called Strike
3-1: Base on Balls
Troy Afenir to third
George Vogel to second
Batting: RHB William Phillips 0-0: Foul Ball, location: 2F
0-1: Ground out 5-3 (Groundball, 56, EV 86.9 MPH)
Bottom of the 1st over - 1 run, 2 hits, 0 errors, 3 left on base; Caldwell 0 - Minot 1
TOP OF THE 2ND
Caldwell Claws batting - Pitching for Minot Jets : RHP Ozzie Canseco
Batting: LHB Joseph Wesley 0-0: Ball
1-0: Ball
2-0: Ball
3-0: Base on Balls
Batting: LHB Gregory Robles 0-0: Ball
1-0: Ball
2-0: Foul Ball, location: 2F
2-1: Ball
3-1: Base on Balls
Joseph Wesley to second
Batting: RHB Anthony Masone 0-0: Called Strike
0-1: Ball
1-1: Ground out 6-3 (Groundball, P, EV 86.9 MPH)
Joseph Wesley to third
Gregory Robles to second
Batting: LHB Willie Vigil 0-0: Foul Ball, location: 2F
0-1: DOUBLE (Flyball, 89D, EV 106.3 MPH)
Joseph Wesley scores
Gregory Robles scores
Batting: LHB Roberto Guillen 0-0: Called Strike
0-1: Called Strike
0-2: Ball
1-2: Ground out 3-1 (Groundball, 3L, EV 96.3 MPH)
Willie Vigil to third
Batting: SHB Alfredo Alcaide 0-0: Ball
1-0: Ball
2-0: Called Strike
2-1: Ground out 6-3 (Groundball, 6, EV 76.9 MPH)
Top of the 2nd over - 2 runs, 1 hit, 0 errors, 1 left on base; Caldwell 2 - Minot 1
BOTTOM OF THE 2ND
Minot Jets batting - Pitching for Caldwell Claws : RHP Gregory Crabb
Batting: RHB Jesus Aybar 0-0: Ground out 2-3 (Groundball, 2L, EV 71.3 MPH)
Batting: RHB Hugo Olivas 0-0: Ground out 6-3 (Groundball, 6S, EV 68.8 MPH)
Batting: LHB Theodore Milner 0-0: Ground out 4-3 (Groundball, 4, EV 99.4 MPH)
Bottom of the 2nd over - 0 runs, 0 hits, 0 errors, 0 left on base; Caldwell 2 - Minot 1
TOP OF THE 3RD
Caldwell Claws batting - Pitching for Minot Jets : RHP Ozzie Canseco
Batting: RHB Kim Christensen 0-0: Ball
1-0: SINGLE (Groundball, 34S, EV 68.1 MPH) (infield hit)
Batting: RHB David Morales 0-0: Ball
Kim Christensen is caught stealing 2nd base 2-4
1-0: Fly out, F4 (Flyball, 34D, EV 84.4 MPH)
Batting: LHB Miguel Negron 0-0: Foul Ball, location: 2F
0-1: Ball
1-1: Swinging Strike
1-2: Foul Ball, location: 2F
1-2: Foul Ball, location: 2F
1-2: Ball
2-2: Strikes out swinging
Top of the 3rd over - 0 runs, 1 hit, 0 errors, 0 left on base; Caldwell 2 - Minot 1
BOTTOM OF THE 3RD
Minot Jets batting - Pitching for Caldwell Claws : RHP Gregory Crabb
Batting: SHB William Eiland 0-0: Ball
1-0: Foul Ball, location: 2F
1-1: SINGLE (Groundball, 34D, EV 93.8 MPH)
Batting: LHB Douglas Reibel 0-0: Ball
William Eiland steals 2nd base
1-0: Called Strike
1-1: Foul Ball, location: 2F
1-2: Foul Ball, location: 2F
1-2: Ground out 5-3 (Groundball, 5, EV 95.6 MPH)
Batting: RHB Troy Afenir 0-0: Ball
1-0: Called Strike
William Eiland steals 3rd base
1-1: Ball
2-1: Foul Ball, location: 2F
2-2: Fly out, F8 (Flyball, 89D, EV 92.5 MPH)
Runner from 3rd tags up, SCORES, throw by CF
Batting: RHB George Vogel 0-0: Called Strike
0-1: Foul Ball, location: 2F
0-2: Foul Ball, location: 2F
0-2: Ball
1-2: Ball
2-2: DOUBLE (Flyball, 8RXD, EV 91.3 MPH)
Batting: RHB Roberto Balaguer 0-0: Foul Ball, location: 2F
0-1: Ball
1-1: Ball
2-1: Ball
3-1: Base on Balls
Batting: RHB William Phillips 0-0: Ground out 5-3 (Groundball, 56, EV 88.8 MPH)
Bottom of the 3rd over - 1 run, 2 hits, 0 errors, 2 left on base; Caldwell 2 - Minot 2
TOP OF THE 4TH
Caldwell Claws batting - Pitching for Minot Jets : RHP Ozzie Canseco
Batting: LHB Joseph Wesley 0-0: Ball
1-0: Ball
2-0: SINGLE (Groundball, 34D, EV 108.8 MPH)
Batting: LHB Gregory Robles 0-0: Called Strike
0-1: Fly out, F8 (Flyball, 8RD, EV 72.5 MPH)
Batting: RHB Anthony Masone 0-0: Called Strike
0-1: DOUBLE (Line Drive, 8LD, EV 113.8 MPH)
Joseph Wesley to third
Runner from 3rd tries for Home, SAFE, throw by CF to trailing runner, SAFE at third!
Batting: LHB Willie Vigil 0-0: Called Strike
0-1: Ball
1-1: Ground out 1-3 (Groundball, 15S, EV 66.9 MPH)
Batting: LHB Roberto Guillen 0-0: Ball
1-0: Ball
2-0: SINGLE (Groundball, 4M, EV 102.5 MPH)
Anthony Masone scores
Batting: SHB Alfredo Alcaide 0-0: Swinging Strike
0-1: Called Strike
0-2: Ball
1-2: Foul Ball, location: 2F
1-2: Fielders Choice at 2nd, 6-4 (Groundball, 6, EV 87.5 MPH)
Top of the 4th over - 2 runs, 3 hits, 0 errors, 1 left on base; Caldwell 4 - Minot 2
BOTTOM OF THE 4TH
Minot Jets batting - Pitching for Caldwell Claws : RHP Gregory Crabb
Batting: RHB Jesus Aybar 0-0: Ball
1-0: SINGLE (Line Drive, 78S, EV 110.0 MPH)
Batting: RHB Hugo Olivas 0-0: Fly out, F7 (Flyball, 78S, EV 90.0 MPH)
Batting: LHB Theodore Milner 0-0: Foul Ball, location: 2F
0-1: Foul Ball, location: 2F
0-2: SINGLE (Flyball, 56D, EV 93.1 MPH)
Jesus Aybar to second
Batting: SHB William Eiland 0-0: Called Strike
Jesus Aybar steals 3rd base (no throw)
Theodore Milner to second
0-1: Called Strike
0-2: Ball
1-2: Ball
2-2: Foul Ball, location: 2F
2-2: Foul Ball, location: 2F
2-2: Ball
3-2: Fly out, F7 (Flyball, 7D, EV 91.9 MPH)
Runner from 3rd tags up, SCORES, no throw by LF
Theodore Milner to third
Batting: LHB Douglas Reibel 0-0: Ball
1-0: Fly out, F8 (Flyball, 8RD, EV 81.3 MPH)
Bottom of the 4th over - 1 run, 2 hits, 0 errors, 1 left on base; Caldwell 4 - Minot 3
TOP OF THE 5TH
Caldwell Claws batting - Pitching for Minot Jets : RHP Ozzie Canseco
Batting: RHB Kim Christensen 0-0: Ball
1-0: Swinging Strike
1-1: Called Strike
1-2: Fly out, F9 (Flyball, 89D, EV 96.3 MPH)
Batting: RHB David Morales 0-0: Ball
1-0: Called Strike
1-1: Called Strike
1-2: SINGLE (Flyball, 34D, EV 91.9 MPH) - OUT at second base trying to stretch hit.
Batting: LHB Miguel Negron 0-0: Fly out, F7 (Flyball, 7, EV 81.3 MPH)
Top of the 5th over - 0 runs, 1 hit, 0 errors, 0 left on base; Caldwell 4 - Minot 3
BOTTOM OF THE 5TH
Minot Jets batting - Pitching for Caldwell Claws : RHP Gregory Crabb
Batting: RHB Troy Afenir 0-0: Called Strike
0-1: Called Strike
0-2: Strikes out swinging
Batting: RHB George Vogel 0-0: Called Strike
0-1: Called Strike
0-2: Ball
1-2: Strikes out swinging
Batting: RHB Roberto Balaguer 0-0: Swinging Strike
0-1: Ball
1-1: Foul Ball, location: 2F
1-2: Foul Ball, location: 2F
1-2: Ball
2-2: Ground out 4-3 (Groundball, 4, EV 88.1 MPH)
Bottom of the 5th over - 0 runs, 0 hits, 0 errors, 0 left on base; Caldwell 4 - Minot 3
TOP OF THE 6TH
Caldwell Claws batting - Pitching for Minot Jets : RHP Ozzie Canseco
Batting: LHB Joseph Wesley 0-0: Fly out, F9 (Flyball, 9S, EV 89.4 MPH)
Batting: LHB Gregory Robles 0-0: Ball
1-0: Ground out 3-1 (Groundball, 34, EV 79.4 MPH)
Batting: RHB Anthony Masone 0-0: Swinging Strike
0-1: Ball
1-1: Foul Ball, location: 2F
1-2: Ball
2-2: Ball
3-2: Foul Ball, location: 2F
3-2: Strikes out swinging
Top of the 6th over - 0 runs, 0 hits, 0 errors, 0 left on base; Caldwell 4 - Minot 3
BOTTOM OF THE 6TH
Minot Jets batting - Pitching for Caldwell Claws : RHP Gregory Crabb
Batting: RHB William Phillips 0-0: Ball
1-0: Foul Ball, location: 2F
1-1: SINGLE (Flyball, 56D, EV 93.1 MPH)
Batting: RHB Jesus Aybar 0-0: Sac Bunt to P - play at first, batter OUT! 1-4
William Phillips to second
Batting: RHB Hugo Olivas 0-0: Called Strike
0-1: Swinging Strike
0-2: Fly out, F8 (Flyball, 8LXD, EV 89.4 MPH)
Runner from 2nd tags up, SAFE at 3rd, no throw by CF
Batting: LHB Theodore Milner 0-0: Foul Ball, location: 2F
0-1: Ball
1-1: TRIPLE (Line Drive, 89XD, EV 105.6 MPH)
William Phillips scores
Batting: SHB William Eiland 0-0: Ball
1-0: Called Strike
1-1: SINGLE (Groundball, 34D, EV 93.1 MPH) (infield hit)
Theodore Milner scores
Batting: LHB Douglas Reibel 0-0: Foul Ball, location: 2F
0-1: Ground out 4-3 (Groundball, 4, EV 89.4 MPH)
Bottom of the 6th over - 2 runs, 3 hits, 0 errors, 1 left on base; Caldwell 4 - Minot 5
TOP OF THE 7TH
Caldwell Claws batting - Pitching for Minot Jets : RHP Ozzie Canseco
Batting: LHB Willie Vigil 0-0: Ball
1-0: Foul Ball, location: 2F
1-1: Ball
2-1: Ball
3-1: Base on Balls
Pinch Hitting: LHB Dave Smith 0-0: Ball
1-0: Called Strike
1-1: Foul Ball, location: 2F
1-2: Ball
2-2: Ball
3-2: Foul Ball, location: 2F
3-2: SINGLE (Line Drive, 9S, EV 102.5 MPH)
Willie Vigil to second
Willie Vigil to third
Batting: SHB Alfredo Alcaide 0-0: Ball
1-0: Called Strike
1-1: Foul Ball, location: 2F
1-2: Ground out 6-3 (Groundball, P, EV 83.1 MPH)
Dave Smith to second
Batting: RHB Kim Christensen 0-0: Foul Ball, location: 2F
0-1: Ball
1-1: Foul Ball, location: 2F
1-2: Foul Ball, location: 2F
1-2: Foul Ball, location: 2F
1-2: Ball
2-2: Foul Ball, location: 2F
2-2: Foul Ball, location: 2F
2-2: 3-RUN HOME RUN (Flyball, 78XD, EV 107.5 MPH), Distance : 430 ft
Pitching: RHP Guillermo Thomas
Batting: RHB David Morales 0-0: Called Strike
0-1: Swinging Strike
0-2: Fly out, F9 (Flyball, 9S, EV 86.9 MPH)
Batting: LHB Miguel Negron 0-0: Called Strike
0-1: Ball
1-1: Swinging Strike
1-2: Ball
2-2: Ground out 6-3 (Groundball, 6, EV 87.5 MPH)
Top of the 7th over - 3 runs, 2 hits, 0 errors, 0 left on base; Caldwell 7 - Minot 5
BOTTOM OF THE 7TH
Minot Jets batting - Pitching for Caldwell Claws : RHP Gregory Crabb
Now in CF: Robert Brauer
Batting: RHB Troy Afenir 0-0: Ball
1-0: Ball
2-0: Ball
3-0: Swinging Strike
3-1: Base on Balls
Batting: RHB George Vogel 0-0: Ball
1-0: Foul Ball, location: 2F
1-1: Foul Ball, location: 2F
1-2: Ground out 5-3 (Groundball, 5S, EV 65.0 MPH)
Troy Afenir to second
Batting: RHB Roberto Balaguer 0-0: Ball
1-0: Called Strike
1-1: Ball
2-1: Ball
3-1: Base on Balls
Pitching: RHP Mario Maldonado
Pinch Hitting: LHB John Wilson 0-0: Fielders Choice at 2nd, 1-6 (Groundball, 13S, EV 70.0 MPH)
Troy Afenir to third
Pinch Hitting: RHB Brad Jones 0-0: Called Strike
0-1: Foul Ball, location: 2F
0-2: Ball
1-2: Strikes out looking
Bottom of the 7th over - 0 runs, 0 hits, 0 errors, 2 left on base; Caldwell 7 - Minot 5
TOP OF THE 8TH
Caldwell Claws batting - Pitching for Minot Jets : RHP Guillermo Thomas
Now at 2B: Jose Lora
Now at 3B: Van Starnes
Batting: LHB Joseph Wesley 0-0: Foul Ball, location: 2F
0-1: Foul Ball, location: 2F
0-2: Ball
1-2: Strikes out looking
Batting: LHB Gregory Robles 0-0: Ground out 3-1 (Groundball, 34S, EV 71.9 MPH)
Batting: RHB Anthony Masone 0-0: Ball
1-0: Ball
2-0: Ball
3-0: Called Strike
3-1: Base on Balls
Batting: LHB Willie Vigil 0-0: Ground out U3 (Groundball, 34, EV 85.6 MPH)
Top of the 8th over - 0 runs, 0 hits, 0 errors, 1 left on base; Caldwell 7 - Minot 5
BOTTOM OF THE 8TH
Minot Jets batting - Pitching for Caldwell Claws : RHP Mario Maldonado
Batting: RHB Hugo Olivas 0-0: Ball
1-0: Foul Ball, location: 2F
1-1: Called Strike
1-2: Foul Ball, location: 2F
1-2: Foul Ball, location: 2F
1-2: Ball
2-2: Strikes out looking
Batting: LHB Theodore Milner 0-0: Called Strike
0-1: Ball
1-1: Swinging Strike
1-2: Ball
2-2: Foul Ball, location: 2F
2-2: Fly out, F4 (Popup, 34S, EV 75.6 MPH)
Batting: SHB William Eiland 0-0: Ball
1-0: Swinging Strike
1-1: Swinging Strike
1-2: Strikes out swinging, 2-3 out at first.
Bottom of the 8th over - 0 runs, 0 hits, 0 errors, 0 left on base; Caldwell 7 - Minot 5
TOP OF THE 9TH
Caldwell Claws batting - Pitching for Minot Jets : RHP Guillermo Thomas
Batting: RHB Robert Brauer 0-0: Ball
1-0: Ball
2-0: Foul Ball, location: 2F
2-1: Ball
3-1: Base on Balls
Batting: SHB Alfredo Alcaide 0-0: Bunted foul
0-1: Bunt missed!
0-2: Ball
1-2: Foul Ball, location: 2F
1-2: SINGLE (Line Drive, 4M, EV 101.3 MPH)
Robert Brauer to second
Batting: RHB Kim Christensen 0-0: Called Strike
0-1: Foul Ball, location: 2F
0-2: Ball
1-2: Foul Ball, location: 2F
1-2: Grounds into double play, 6-4-3 (Groundball, 6M, EV 100.0 MPH)
Robert Brauer to third
Batting: RHB David Morales 0-0: Called Strike
0-1: Ball
1-1: SINGLE (Groundball, 25, EV 72.5 MPH) (infield hit)
Robert Brauer scores
Pitching: LHP Gregory Carne
Batting: LHB Miguel Negron 0-0: Called Strike
0-1: Ball
1-1: DOUBLE (Line Drive, 9LS, EV 106.3 MPH)
David Morales to third
Runner from 3rd tries for Home, SAFE, throw by RF to trailing runner, OUT at third! 9-3-5
Top of the 9th over - 2 runs, 3 hits, 0 errors, 0 left on base; Caldwell 9 - Minot 5
BOTTOM OF THE 9TH
Minot Jets batting - Pitching for Caldwell Claws : RHP Mario Maldonado
Batting: LHB Douglas Reibel 0-0: Ball
1-0: Called Strike
1-1: TRIPLE (Flyball, 89XD, EV 97.5 MPH)
Batting: RHB Troy Afenir 0-0: Ball
1-0: Swinging Strike
1-1: Ball
2-1: Ball
3-1: Ground out 5-3 (Groundball, 5, EV 99.4 MPH)
Batting: RHB George Vogel 0-0: Called Strike
0-1: Ball
1-1: Swinging Strike
1-2: DOUBLE (Flyball, 8LXD, EV 112.5 MPH)
Douglas Reibel scores
Batting: RHB Roberto Balaguer 0-0: Called Strike
0-1: Ball
1-1: Ball
2-1: Swinging Strike
2-2: Ball
3-2: Foul Ball, location: 2F
3-2: 2-RUN HOME RUN (Flyball, 7D, EV 102.5 MPH), Distance : 408 ft
Pitching: RHP Jordan Contreras
Pinch Hitting: RHB Jim Dickerson 0-0: Ground out 1-3 (Groundball, P, EV 63.1 MPH)
Pinch Hitting: RHB David Griego 0-0: Ball
1-0: Ball
2-0: Called Strike
2-1: Fly out, F8 (Flyball, 8LM, EV 76.3 MPH)
Bottom of the 9th over - 3 runs, 3 hits, 0 errors, 0 left on base; Caldwell 9 - Minot 8
Wednesday, August 12th, 2020 - OOTP Baseball 21.5 Build 76